 Dungeon Crawl Stone Soup version 0.28.0 (webtiles) character file.

Game seed: 16427081039547935450

243189 jfcaron the Planerender (level 19, -2/152 HPs)
             Began as a Barachi Summoner on Feb 6, 2022.
             Was an Initiate of Gozag.
             Collided with a warg (19 damage)
             ... caused by a deep elf knight
             ... on level 2 of the Elven Halls on Feb 8, 2022.
             The game lasted 03:09:45 (44634 turns).

jfcaron the Planerender (Barachi Summoner)         Turns: 44634, Time: 03:09:45

Health: -2/152     AC: 18    Str:  4 (7)  XL:     19   Next: 41%
Magic:  30/38      EV: 15    Int: 25      God:    Gozag
Gold:   8066       SH: 13    Dex: 12 (13) Spells: 5/48 levels left

rFire   + . .      SeeInvis +   P - +2 trident (flame)
rCold   + . .      Faith    .   O - +2 kite shield
rNeg    + . .      Spirit   .   R - +2 robe {rC+}
rPois   .          Reflect  .   F - +2 helmet {Int+3}
rElec   +          Harm     .   f - +3 cloak of the Dungeon {rN+ rCorr Str-4 Stlth+}
rCorr   +          Rampage  .   b - +2 pair of gloves
Will    ++++.                   K - +1 pair of boots "Arib Fome" {rElec Stlth+}
Stlth   ++++......              r - amulet of the Imp {RegenMP Contam Drain Will+++ Regen+}
HPRegen 1.15/turn               o - ring of protection from fire
MPRegen 0.66/turn               x - ring of see invisible

@: slow
A: amphibious, slowness 1, strong legs 2, +LOS
}: 2/15 runes: decaying, gossamer
a: Hop, Renounce Religion, Potion Petition, Call Merchant, Bribe Branch


You were on level 2 of the Elven Halls.
You worshipped Gozag.
Gozag was greatly pleased with you.
You visited 6 branches of the dungeon, and saw 33 of its levels.
You also visited: Ossuary.

You collected 15526 gold pieces.
You spent 4742 gold pieces at shops.
You paid 2718 gold pieces to Gozag.

Inventory:

Hand Weapons
 P - a +2 trident of flaming (weapon)
Missiles
 q - 14 javelins (quivered)
 y - 2 curare-tipped darts {!f}
 U - 6 silver javelins {!f}
Armour
 b - a +2 pair of gloves (worn)
 f - the +3 cloak of the Dungeon (worn) {rN+ rCorr Str-4 Stlth+}
   (You bought it in a shop on level 2 of the Orcish Mines)

   Str:       It affects your strength (-4).
   rN:        It protects you from negative energy.
   rCorr:     It protects you from acid and corrosion.
   Stlth:     It makes you more stealthy.
 F - a +2 helmet of intelligence (worn)
 K - the +1 pair of boots "Arib Fome" (worn) {rElec Stlth+}
   (You bought it in a shop on level 15 of the Dungeon)

   rElec:     It insulates you from electricity.
   Stlth:     It makes you more stealthy.
 O - a +2 kite shield (worn)
 R - a +2 robe of cold resistance (worn)
Jewellery
 k - the ring of Vir Quno {rPois rF- EV+4 Dex+7}
   (You found it on level 3 of the Dungeon)

   [ring of evasion]

   EV:        It affects your evasion (+4).
   Dex:       It affects your dexterity (+7).
   rF:        It makes you vulnerable to fire.
   rPois:     It protects you from poison.
 o - a ring of protection from fire (left hand)
 r - the amulet of the Imp (around neck) {RegenMP Contam Drain Will+++ Regen+}
   (You bought it in a shop on level 2 of the Orcish Mines)

   [amulet of magic regeneration]

   It increases your rate of magic regeneration.
   Contam:    It causes magical contamination when unequipped.
   Regen:     It increases your rate of health regeneration.
   Drain:     It drains your maximum health when unequipped.
   Will:      It greatly increases your willpower.
 x - a ring of see invisible (right hand)
Wands
 u - a wand of iceblast (6)
 z - a wand of flame (44)
 T - a wand of digging (9)
 Z - a wand of acid (3)
Scrolls
 a - 5 scrolls of magic mapping
 c - 17 scrolls of teleportation
 i - 7 scrolls of fog
 m - 3 scrolls of amnesia
 p - 2 scrolls of fear
 B - a scroll of vulnerability
 C - a scroll of holy word
 E - 7 scrolls of immolation
 N - 4 scrolls of summoning
 Q - 4 scrolls of blinking
 S - 2 scrolls of torment
Potions
 e - 16 potions of ambrosia
 g - 11 potions of heal wounds
 j - 8 potions of mutation
 n - 3 potions of invisibility
 t - 4 potions of lignification
 v - 7 potions of curing
 w - 3 potions of brilliance
 A - 4 potions of magic
 D - 5 potions of flight
 H - 4 potions of cancellation
 I - 4 potions of might
 J - 6 potions of resistance
 L - 4 potions of attraction
 M - 8 potions of haste
Miscellaneous
 l - a phial of floods
 X - a phantom mirror
 Y - a tin of tremorstones (2/2)


   Skills:
 - Level 14.0 Fighting
 + Level 9.2 Polearms
 - Level 10.0 Armour
 - Level 10.0 Dodging
 - Level 1.7 Stealth
 + Level 11.0 Shields
 - Level 15.0 Spellcasting
 O Level 27 Summonings
 - Level 3.0 Air Magic


You had 5 spell levels left.
You knew the following spells:

 Your Spells              Type           Power      Damage    Failure   Level
a - Summon Small Mammal   Summ           100%       N/A       0%          1
b - Call Imp              Summ           100%       N/A       0%          2
c - Call Canine Familiar  Summ           100%       N/A       0%          3
d - Summon Guardian Gole  Hex/Summ       72%        N/A       1%          3
e - Summon Lightning Spi  Summ/Air       76%        N/A       1%          4
f - Summon Cactus Giant   Summ           50%        N/A       0%          6
g - Summon Hydra          Summ           50%        N/A       1%          7
h - Summon Horrible Thin  Summ           50%        N/A       1%          8
i - Dragon's Call         Summ           50%        N/A       10%         9

Your spell library contained the following spells:

 Spells                   Type           Power      Damage    Failure   Level
 Shock                    Conj/Air       100%       1d9       3%          1
 Corpse Rot               Necr/Air       52%        N/A       4%          2
 Poisonous Vapours        Pois/Air       52%        N/A       4%          2
 Static Discharge         Conj/Air       26%        N/A       4%          2
 Beastly Appendage        Tmut           36%        N/A       6%          1
 Magic Dart               Conj           72%        1d6       6%          1
 Pain                     Necr           72%        1d7       6%          1
 Sting                    Tmut/Pois      72%        1d6       6%          1
 Mephitic Cloud           Conj/Pois/Air  23%        N/A       12%         3
 Dazzling Flash           Conj/Hex       36%        N/A       19%         3
 Ozocubu's Armour         Ice            18%        N/A       19%         3
 Portal Projectile        Hex/Tloc       36%        N/A       19%         3
 Animate Dead             Necr           9%         N/A       52%         4
 Cause Fear               Hex            9%         N/A       52%         4
 Fulminant Prism          Conj/Hex       9%         3d7       52%         4
 Ice Form                 Ice/Tmut       18%        N/A       52%         4
 Iskenderun's Mystic Bla  Conj/Tloc      18%        2d6       52%         4
 Leda's Liquefaction      Hex/Erth       9%         N/A       52%         4
 Olgreb's Toxic Radiance  Pois           18%        N/A       52%         4
 Petrify                  Tmut/Erth      18%        N/A       52%         4
 Lightning Bolt           Conj/Air       13%        1d26      67%         5
 Silence                  Hex/Air        13%        N/A       67%         5
 Agony                    Necr           18%        N/A       86%         5
 Borgnjor's Vile Clutch   Necr/Erth      9%         N/A       86%         5
 Excruciating Wounds      Necr           9%         N/A       86%         5
 Lee's Rapid Deconstruct  Erth           9%         3d8*      86%         5
 Metabolic Englaciation   Hex/Ice        9%         N/A       86%         5
 Haunt                    Necr/Summ      36%        N/A       21%         7
 Death Channel            Necr           9%         N/A       100%        6
 Eringya's Noxious Bog    Tmut/Pois      9%         N/A       100%        6
 Simulacrum               Ice/Necr       9%         N/A       100%        6
 Statue Form              Tmut/Erth      12%        N/A       100%        6
 Dragon Form              Tmut           9%         N/A       100%        7
 Borgnjor's Revivificati  Necr           9%         N/A       100%        8
 Infestation              Necr           9%         N/A       100%        8
 Lehudib's Crystal Spear  Conj/Erth      9%         10d4      100%        8
 Maxwell's Capacitive Co  Air            16%        ∞         100%        8
 Necromutation            Tmut/Necr      9%         N/A       100%        8
 Death's Door             Necr           9%         N/A       100%        9


Dungeon Overview and Level Annotations

Branches:
Dungeon (15/15)            Temple (0/1) D:4            Lair (6/6) D:10
  Swamp (4/4) Lair:3       Spider (4/4) Lair:2        Slime (0/5) Lair:5
    Orc (2/2) D:10            Elf (2/3) Orc:2        Vaults (0/5) D:13
 Depths (0/4) D:15        Ossuary (visited)

Altars:
Gozag
Uskayaw
Vehumet
Wu Jian
Beogh
Lugonu

Shops:
D:5 ?   D:6 (?   D:15 *=[   Orc:1 [   Orc:2 =(*[*

Portals:
Abyss: Lair:6
Trove: D:15 (give +4 ice dragon scales)


Innate Abilities, Weirdness & Mutations

You are amphibious.
You cover ground slowly.
You can hop long distances.
You have an extended range of vision and can be seen from far away.


Message History

You hit the deep elf knight but do no damage.
The deep elf knight is moderately wounded.
You block the deep elf knight's attack.
Your warg completely misses the deep elf knight.
The deep elf knight hits you with a +0 long sword!
Unknown command.
You closely miss the deep elf knight.
The deep elf knight is moderately wounded.
Your warg barely misses the deep elf knight.
The deep elf knight gestures at you while chanting.
The shard of ice hits you!! You partially resist.
Your warg bites the deep elf knight but does no damage.
Unknown command.
You barely miss the deep elf knight.
The deep elf knight is moderately wounded.
You block the deep elf knight's attack.
Your warg barely misses the deep elf knight.
You block the deep elf knight's attack.
Unknown command.
You closely miss the deep elf knight.
The deep elf knight is moderately wounded.
You block the deep elf knight's attack.
Your warg misses the deep elf knight.
You hit the deep elf knight but do no damage.
The deep elf knight is moderately wounded.
The deep elf knight hits you with a +0 long sword.
Your warg closely misses the deep elf knight.
The deep elf knight points at you and mumbles some strange words.
The shard of ice hits you!! You partially resist.
* * * LOW HITPOINT WARNING * * *
Your warg bites the deep elf knight.
The deep elf knight hits you with a +0 long sword!!
* * * LOW HITPOINT WARNING * * *
Your warg bites the deep elf knight!
Unknown command.
The deep elf knight points at you and mumbles some strange words.
The lance of force hits your warg!
Your warg is knocked back by the lance of force.
Your warg collides with you!
You die...
Your body crumbles into a pile of gold.

..####### ..# '## #####
## #.###...### #.# ##
##'.......####+##.###
#>..........###.....###
#...........#.5.......#
#...........#.C...!...#
+......(....+.eh@.....#
#.[.........#/...$....#
#...........#.........#
#(..........###.....###
###<.....)### ###.###
###...### ## #####


You could see a deep elf knight (fast, invisible, ally target), a friendly
cactus giant (summoned), a friendly warg (summoned) and a friendly white imp
(summoned).

Vanquished Creatures
  A bone dragon (Swamp:4)
  A tentacled monstrosity (Swamp:1)
  Jorgrun (D:14)
  Asterion (Spider:2)
  Gastronok (Lair:1)
  A thorn hunter (Swamp:2)
  Agnes (Spider:3)
  Roxanne (Elf:1)
  An orc warlord (Orc:2)
  6 emperor scorpions
  5 ghost moths
  3 broodmothers
  The ghost of danielguo94 the Bludgeoner, a journeyman GrFi of the Shining One (Orc:2)
  2 eleionomae
  2 deep elf demonologists (Elf:1)
  An entropy weaver (Spider:3)
  5 spark wasps
  3 bunyips
  The ghost of GilGalad the Basher, a journeyman MiFi of Makhleb (Lair:2)
  2 deep elf death magi (Elf:1)
  18 hydras
  4 ghost crabs
  6 boulder beetles
  An ice dragon (shapeshifter) (D:15)
  2 rakshasas (D:15)
  2 ogre magi
  5 centaur warriors
  2 radroaches
  Erica (Lair:2)
  A catoblepas (Lair:6)
  7 dancing weapons
  5 alligators
  A death scarab (Spider:4)
  11 two-headed ogres
  4 death yaks
  2 nameless horrors
  4 tengu warriors
  2 thrashing horrors (Lair:6)
  A spriggan berserker (Swamp:4)
  6 orc high priests
  Nergalle (D:12)
  4 pharaoh ants
  8 deep elf knights (Elf:1)
  7 goliath frogs
  5 sun moths
  3 skeletal warriors
  4 steelbarb worms
  6 deep elf archers
  7 swamp dragons
  6 spriggan druids
  8 orb spiders
  A glowing orange brain (D:15)
  A wizard (D:14)
  3 spectral hydras (Swamp:4)
  A phantasmal warrior (Swamp:4)
  6 bog bodies
  A lindwurm (Lair:5)
  13 deep elf pyromancers
  13 deep elf zephyrmancers
  5 orc knights
  26 ugly things
  19 wolf spiders
  3 oklob plants (Lair:6)
  3 orc sorcerers (Orc:2)
  A will-o-the-wisp (Swamp:4)
  3 manticores
  8 cyclopes
  A large abomination (Lair:6)
  3 moths of wrath
  10 elephants
  Maurice (D:12)
  4 smoke demons (Lair:6)
  8 cane toads
  8 black mambas
  5 torpor snails
  2 gargoyles (D:12)
  6 demonic crawlers
  An unseen horror (D:10)
  3 swamp worm zombies (Swamp:4)
  A kobold demonologist (D:14)
  7 komodo dragons
  4 rime drakes
  2 tengu conjurers (D:15)
  2 ancient zymes (Lair:6)
  A polar bear (shapeshifter) (D:14)
  2 queen bees
  5 trolls
  3 hydra zombies (Swamp:4)
  7 meliai
  3 polar bears
  5 bloated husks
  12 tyrant leeches
  21 tarantellas
  A raiju (shapeshifter) (Lair:6)
  11 hornets
  22 blink frogs
  2 alligator zombies (Swamp:4)
  5 dream sheep (Lair:4)
  3 spectral swamp dragons (Swamp:4)
  7 slime creatures
  26 jumping spiders
  28 culicivoras
  A wraith (D:12)
  A shadow (D:7)
  A ynoxinul (Lair:6)
  6 spriggans
  5 water elementals
  3 wyverns
  10 basilisks
  80 yaks
  8 small abominations (Lair:6)
  14 vampire mosquitoes
  A redback simulacrum (D:12)
  44 redbacks
  4 wargs
  Edmund (D:5)
  11 swamp worms
  14 water moccasins
  An acid dragon (D:9)
  A floating eye (Lair:6)
  2 ice beasts
  3 swamp drakes (Swamp:1)
  31 orc warriors
  2 sky beasts
  2 black bears
  7 ogres
  4 swamp dragon zombies (Swamp:4)
  A necrophage (D:7)
  19 wolves
  15 centaurs
  A kobold brigand (D:6)
  7 phantoms (Swamp:4)
  An earth elemental (Elf:1)
  An elf zombie (Ossuary)
  2 scorpions
  19 bullfrogs
  A wyvern skeleton (D:5)
  2 water moccasin zombies
  5 wights (D:7)
  35 killer bees
  3 electric eels
  A howler monkey (D:13)
  A bullfrog zombie (D:5)
  4 human zombies (Ossuary)
  13 centaur zombies
  Crazy Yiuf (D:6)
  4 hounds
  6 jellies
  18 orc priests
  A bullfrog skeleton (D:5)
  2 centaur skeletons (D:7)
  2 iguanas
  20 orc wizards
  A spectral swamp drake (Swamp:4)
  3 mummies (Ossuary)
  A howler monkey zombie (D:8)
  10 adders
  3 gnolls (D:5)
  A swamp drake zombie (Swamp:4)
  A howler monkey skeleton (D:7)
  A white imp (D:6)
  4 worms
  2 adder skeletons
  A dart slug (D:2)
  77 orcs
  6 endoplasms
  A giant cockroach (D:1)
  6 goblins
  6 hobgoblins
  8 jackals
  17 kobolds
  8 quokkas
  3 ball pythons (D:2)
  4 bats
  A frilled lizard (D:1)
  6 rats
  2 bushes
  A butterfly (Lair:1)
  53 fungi
  107 plants
1299 creatures vanquished.

Notes
Turn   | Place    | Note
-------+----------+-------------------------------------------
     0 | D:1      | jfcaron the Barachi Summoner began the quest for the Orb.
     0 | D:1      | Reached XP level 1. HP: 13/13 MP: 3/3
    57 | D:1      | Reached skill level 5 in Summonings
    59 | D:1      | HP: 2/13 [jackal (2)]
   343 | D:1      | Reached XP level 2. HP: 19/19 MP: 1/5
   346 | D:1      | Learned a level 2 spell: Call Imp
   620 | D:1      | Found a faded altar of an unknown god.
   624 | D:1      | Prayed at the altar of an unknown god.
   624 | D:1      | Became a worshipper of Gozag Ym Sagoz the Greedy
  1543 | D:2      | Reached XP level 3. HP: 24/24 MP: 1/7
  1547 | D:2      | Learned a level 3 spell: Call Canine Familiar
  2278 | D:2      | Reached skill level 6 in Summonings
  2278 | D:2      | Reached XP level 4. HP: 30/30 MP: 2/8
  2282 | D:2      | Learned a level 3 spell: Summon Guardian Golem
  3337 | D:3      | Identified the ring of Vir Quno {rPois rF- EV+4 Dex+7}
  3894 | D:3      | Reached XP level 5. HP: 29/35 MP: 5/10
  4034 | D:3      | Reached skill level 7 in Summonings
  4377 | D:3      | Reached XP level 6. HP: 41/41 MP: 3/12
  4429 | D:3      | Learned a level 4 spell: Summon Lightning Spire
  4505 | D:4      | Identified a scroll of acquirement
  4505 | D:4      | Acquired the Handbook of Creative Evil Magic
  4565 | D:4      | Noticed a sky beast
  4585 | D:4      | Killed a sky beast
  4586 | D:4      | Reached skill level 1 in Air Magic
  4999 | D:4      | Reached skill level 8 in Summonings
  5002 | D:4      | Found a staircase to the Ecumenical Temple.
  5413 | D:5      | Entered Level 5 of the Dungeon
  5455 | D:5      | Reached XP level 7. HP: 30/46 MP: 6/13
  5688 | D:5      | Noticed Edmund
  5756 | D:5      | Killed Edmund
  6138 | D:5      | Reached skill level 5 in Spellcasting
  6138 | D:5      | Reached skill level 9 in Summonings
  6228 | D:5      | Reached XP level 8. HP: 52/52 MP: 14/16
  6572 | D:5      | Found Loloasmo's Magic Scroll Shop.
  6608 | D:5      | Bought a scroll of magic mapping for 45 gold pieces
  6608 | D:5      | Bought a scroll of identify for 26 gold pieces
  6608 | D:5      | Bought a scroll of identify for 26 gold pieces
  6608 | D:5      | Bought a scroll of identify for 26 gold pieces
  6629 | D:5      | Reached skill level 1 in Fighting
  7145 | D:5      | Bought a scroll of teleportation for 39 gold pieces
  7145 | D:5      | Bought a scroll of fear for 45 gold pieces
  7145 | D:5      | Bought a scroll of teleportation for 39 gold pieces
  7145 | D:5      | Bought a scroll of teleportation for 39 gold pieces
  7235 | D:6      | Found a sand-covered staircase.
  7265 | D:6      | Learned a level 6 spell: Summon Cactus Giant
  7266 | Ossuary  | Entered an ossuary
  7299 | Ossuary  | Reached skill level 10 in Summonings
  7434 | Ossuary  | Reached XP level 9. HP: 65/67 MP: 8/18
  7439 | Ossuary  | Reached skill level 5 in Fighting
  7797 | D:6      | Found Hiwun's Antique Weapon Shoppe.
  7812 | D:6      | Reached skill level 11 in Summonings
  7932 | D:6      | Found Poifu's Magic Scroll Shoppe.
  7935 | D:6      | Bought a scroll of noise for 13 gold pieces
  8161 | D:6      | Found a runed translucent door.
  8162 | D:6      | Noticed Crazy Yiuf
  8205 | D:6      | Killed Crazy Yiuf
  8314 | D:6      | Bought a scroll of acquirement for 676 gold pieces
  8314 | D:6      | Acquired 954 gold pieces
  8316 | D:6      | Bought a scroll of identify for 26 gold pieces
  8316 | D:6      | Bought a scroll of blinking for 97 gold pieces
  8316 | D:6      | Bought a scroll of blinking for 97 gold pieces
  8316 | D:6      | Bought a scroll of teleportation for 39 gold pieces
  8680 | D:7      | Reached skill level 12 in Summonings
 10031 | D:8      | Reached XP level 10. HP: 76/76 MP: 7/20
 10038 | D:8      | Reached skill level 13 in Summonings
 10645 | D:8      | Found an ornate altar of the Wu Jian Council.
 10916 | D:9      | Noticed a two-headed ogre
 10928 | D:9      | Killed a two-headed ogre
 10929 | D:9      | Reached skill level 5 in Dodging
 11071 | D:9      | Reached skill level 14 in Summonings
 11864 | D:10     | Entered Level 10 of the Dungeon
 11874 | D:10     | Identified the +2 hand crossbow of Atograc {elec, rF+}
 11915 | D:10     | Reached XP level 11. HP: 68/86 MP: 13/22
 11924 | D:10     | Noticed a two-headed ogre
 11932 | D:10     | Killed a two-headed ogre
 11933 | D:10     | Reached skill level 15 in Summonings
 11941 | D:10     | Learned a level 7 spell: Summon Hydra
 12073 | D:10     | Found a staircase to the Orcish Mines.
 12503 | D:10     | Found a staircase to the Lair.
 12747 | D:10     | Identified the +0 ring mail of Hangman {rF+ Slay+5}
 13098 | Lair:1   | Entered Level 1 of the Lair of Beasts
 13175 | Lair:1   | Reached skill level 1 in Armour
 13829 | Lair:1   | Noticed Gastronok
 13839 | Lair:1   | Killed Gastronok
 13840 | Lair:1   | Reached skill level 10 in Fighting
 14148 | Lair:1   | Reached skill level 16 in Summonings
 14152 | Lair:1   | Reached XP level 12. HP: 97/97 MP: 10/25
 14563 | Lair:2   | Found a transporter.
 14622 | Lair:2   | Found a hole to the Spider Nest.
 14652 | Lair:2   | Found a transporter.
 14686 | Lair:2   | Noticed GilGalad's ghost (journeyman MiFi)
 15019 | Lair:2   | HP: 19/97 [poisoned by a redback]
 15024 | Lair:2   | HP: 11/97 [poisoned by a redback]
 15133 | Lair:2   | Noticed an eight-headed hydra
 15144 | Lair:2   | Killed an eight-headed hydra
 15443 | Lair:2   | Noticed a four-headed hydra
 15449 | Lair:2   | Killed a four-headed hydra
 15528 | Lair:2   | Reached skill level 17 in Summonings
 15529 | Lair:2   | Reached skill level 10 in Spellcasting
 15740 | Lair:2   | Noticed Erica
 15754 | Lair:2   | Killed Erica
 16244 | Lair:3   | Noticed a seven-headed hydra
 16250 | Lair:3   | Killed a seven-headed hydra
 16281 | Lair:3   | Reached skill level 18 in Summonings
 16406 | Lair:3   | Found a staircase to the Swamp.
 16583 | Lair:3   | Noticed a six-headed hydra
 16587 | Lair:3   | Killed a six-headed hydra
 16666 | Lair:3   | Noticed an eight-headed hydra
 16671 | Lair:3   | Killed an eight-headed hydra
 16846 | Lair:3   | Reached skill level 19 in Summonings
 16946 | Lair:3   | Gained mutation: You can hop long distances. [Barachi
                  | growth]
 16946 | Lair:3   | Reached XP level 13. HP: 92/103 MP: 21/27
 17134 | Lair:3   | Found a hide-covered altar of Uskayaw.
 18242 | Lair:4   | Learned a level 8 spell: Summon Horrible Things
 18402 | Lair:4   | Reached skill level 20 in Summonings
 19699 | Lair:5   | Reached skill level 21 in Summonings
 20472 | Lair:5   | Identified the +7 dagger of Amey {holy, Will- rCorr Int+2}
 20548 | Lair:5   | Found a staircase to the Slime Pits.
 20564 | Lair:5   | Reached XP level 14. HP: 110/110 MP: 14/29
 21207 | Lair:5   | Reached skill level 22 in Summonings
 21679 | Lair:6   | Entered Level 6 of the Lair of Beasts
 21679 | Lair:6   | Found a radiant altar of Vehumet.
 21950 | Lair:6   | Paralysed by a floating eye for 3 turns
 22099 | Lair:6   | HP: 18/110 [poisoned by a black mamba]
 22104 | Lair:5   | HP: 9/110 [poisoned by a black mamba]
 24261 | Lair:6   | Reached skill level 23 in Summonings
 24548 | Lair:6   | Reached XP level 15. HP: 110/115 MP: 10/32
 24666 | Lair:6   | Found a corrupted altar of Lugonu.
 24666 | Lair:6   | Found a one-way gate to the infinite horrors of the Abyss.
 25660 | D:12     | Reached skill level 1 in Shields
 25830 | D:12     | Noticed Nergalle
 25839 | D:12     | Killed Nergalle
 25870 | D:12     | Noticed Maurice
 25890 | D:12     | Killed Maurice
 26556 | Orc:1    | Entered Level 1 of the Orcish Mines
 26668 | Orc:1    | Found Jaajac's Antique Armour Shoppe.
 27217 | Orc:2    | Entered Level 2 of the Orcish Mines
 27217 | Orc:2    | Found Lanlosug's Assorted Antiques.
 27217 | Orc:2    | Found Ecluq's General Store.
 27218 | Orc:2    | Noticed an orc warlord
 27222 | Orc:2    | Paralysed by an orc sorcerer for 2 turns
 27232 | Orc:2    | HP: 23/115 [soul eater/drain life[an orc high priest] (20)]
 27233 | Orc:2    | Killed an orc warlord
 28242 | Orc:2    | Learned a level 9 spell: Dragon's Call
 28518 | Orc:2    | Found a staircase to the Elven Halls.
 28921 | Orc:1    | Reached skill level 24 in Summonings
 29647 | Orc:2    | Found Qiutont's Antique Armour Shop.
 29856 | Orc:2    | Found a runed translucent gate.
 29857 | Orc:2    | Found a runed translucent gate.
 29858 | Orc:2    | Found a runed translucent gate.
 29865 | Orc:2    | Noticed danielguo94's ghost (journeyman GrFi)
 30015 | Orc:2    | Found Ehibu's Jewellery Shoppe.
 30067 | Orc:2    | Found Tice's Antique Weapon Boutique.
 30486 | Orc:2    | Killed danielguo94's ghost
 30703 | Orc:2    | Bought the amulet of the Imp {RegenMP Contam Drain Will+++
                  | Regen+} for 518 gold pieces
 30750 | Orc:2    | Bought a jewelled cloak for 266 gold pieces
 30750 | Orc:2    | Identified the +3 cloak of the Dungeon {rN+ rCorr Str-4
                  | Stlth+} (You bought it in a shop on level 2 of the Orcish
                  | Mines)
 30792 | Orc:2    | Bought a scroll of fog for 20 gold pieces
 30792 | Orc:2    | Bought a scroll of identify for 20 gold pieces
 30849 | Orc:2    | Bought a bloodstained ring mail for 252 gold pieces
 30849 | Orc:2    | Identified the +0 ring mail of Esuot {Will+ rCorr} (You
                  | bought it in a shop on level 2 of the Orcish Mines)
 30903 | Orc:1    | Bought a translucent ring mail for 261 gold pieces
 30903 | Orc:1    | Identified the +1 ring mail of the Great Game {Str+10
                  | Slay+3} (You bought it in a shop on level 1 of the Orcish
                  | Mines)
 31014 | Orc:2    | Bought a potion of haste for 330 gold pieces
 31014 | Orc:2    | Bought a warped broad axe for 297 gold pieces
 31014 | Orc:2    | Identified the +1 broad axe of Sloth {protect, rF+ rC-
                  | Str+2 Stlth+} (You bought it in a shop on level 2 of the
                  | Orcish Mines)
 31029 | Orc:2    | Bought a glowing trident for 162 gold pieces
 31114 | Orc:1    | Bought an embroidered robe for 107 gold pieces
 31729 | D:13     | Found a gate to the Vaults.
 31925 | D:13     | Acquired 1165 gold pieces
 32152 | D:14     | Got Lee's Handbook of Plaster Cramp
 32209 | D:14     | Identified the +1 robe of the Comet {Int+3}
 32295 | D:14     | Reached skill level 25 in Summonings
 32295 | D:14     | Reached XP level 16. HP: 122/122 MP: 25/34
 32353 | D:14     | Got Asalupt's Tome of Combed Thunderclap
 32363 | D:14     | Got the Compendium of Dhcmrlchtdj
 32451 | D:14     | Noticed Jorgrun
 32470 | D:14     | Killed Jorgrun
 32932 | D:15     | Entered Level 15 of the Dungeon
 33384 | D:15     | Reached skill level 26 in Summonings
 33908 | D:15     | Found a portal to a secret trove of treasure.
 33980 | D:15     | Found a staircase to the Depths.
 34304 | Lair:2   | Killed GilGalad's ghost
 34318 | Lair:2   | Identified the +6 dagger of Wu Jian's Vengeance {freeze,
                  | rPois}
 34387 | Spider:1 | Entered Level 1 of the Spider Nest
 34396 | Lair:2   | Reached skill level 27 in Summonings
 34503 | Swamp:1  | Entered Level 1 of the Swamp
 34658 | Swamp:1  | Noticed a tentacled monstrosity
 34667 | Swamp:1  | Killed a tentacled monstrosity
 34695 | Swamp:1  | Reached skill level 5 in Armour
 34823 | Swamp:1  | Reached skill level 1 in Polearms
 34823 | Swamp:1  | Reached XP level 17. HP: 99/129 MP: 6/35
 34903 | Swamp:1  | Reached skill level 5 in Shields
 36665 | Swamp:4  | Entered Level 4 of the Swamp
 36758 | Swamp:4  | Reached skill level 15 in Spellcasting
 36892 | Swamp:4  | Noticed a bone dragon
 37035 | Swamp:4  | Killed a bone dragon
 37785 | Swamp:4  | Got a decaying rune of Zot
 37993 | Spider:1 | Reached skill level 5 in Polearms
 37995 | Spider:1 | Reached XP level 18. HP: 95/140 MP: 10/37
 38209 | Spider:1 | Got Boz Sisy's Disquisition on Changing
 38938 | Spider:2 | Noticed Asterion
 38945 | Spider:2 | Killed Asterion
 39615 | Spider:3 | Identified the +5 flail "Bebodd" {vorpal, Will+ Int+4}
 39781 | Spider:3 | Noticed Agnes
 39796 | Spider:3 | Killed Agnes
 40827 | Spider:4 | Entered Level 4 of the Spider Nest
 41634 | Spider:4 | Reached skill level 10 in Armour
 41809 | Spider:4 | HP: 20/143 [something (12)]
 41809 | Spider:4 | HP: 3/143 [something (9)]
 41817 | Spider:4 | HP: 27/143 [something (6)]
 42048 | Spider:4 | Reached skill level 10 in Dodging
 42058 | Spider:4 | Reached XP level 19. HP: 150/150 MP: 38/38
 42079 | Spider:4 | Got a gossamer rune of Zot
 42548 | D:15     | Bought a ring of see invisible for 165 gold pieces
 42576 | D:15     | Bought a pair of bloodstained boots for 313 gold pieces
 42576 | D:15     | Identified the +1 pair of boots of Joy {Will- Str+3 Dex+4
                  | Stlth-} (You bought it in a shop on level 15 of the
                  | Dungeon)
 42576 | D:15     | Bought a pair of encrusted boots for 313 gold pieces
 42576 | D:15     | Identified the +1 pair of boots "Arib Fome" {rElec Stlth+}
                  | (You bought it in a shop on level 15 of the Dungeon)
 42592 | D:15     | Bought a faintly humming robe for 188 gold pieces
 42592 | D:15     | Identified the +1 robe "Utaossan" {Rampage rC+} (You bought
                  | it in a shop on level 15 of the Dungeon)
 42605 | D:15     | Bought an ichor-stained ring mail for 297 gold pieces
 42605 | D:15     | Identified the +5 ring mail of the Journeyman {rPois Str+6
                  | Dex-5 SInv} (You bought it in a shop on level 15 of the
                  | Dungeon)
 42778 | Elf:1    | Entered Level 1 of the Elven Halls
 43127 | Elf:1    | Found a radiant altar of Vehumet.
 43241 | Elf:1    | Reached skill level 10 in Shields
 43630 | Elf:1    | Noticed Roxanne
 44313 | Elf:1    | Killed Roxanne
 44633 | Elf:2    | HP: 15/152 [deep elf knight (21)]
 44634 | Elf:2    | Collided with a warg

Illustrated notes

Levels and vault maps discovered:
D:1:      lemuel_arrival_muddy, layout_rooms, ebering_ecumenical_altar_mist
D:2:      minmay_diamond_boxcup, layout_basic
D:3:      corexii_shack_village, layout_basic, minmay_checkerbox
D:4:      layout_rooms, minmay_temple_entry_overgrown, serial_bayou_lagoon_a
D:5:      layout_basic, serial_shops, shop, kennysheep_crisscross,
          minmay_fractal_squares_5, uniq_edmund
D:6:      layout_rooms, serial_shops, kennysheep_mini,
          nicolae_shop_temple_entry_statues_fountains,
          lightli_ossuary_entry_decrepit_ruins, uniq_crazy_yiuf_cottage
D:7:      layout_loops_ring, minmay_door_square, minmay_misc_feat_nine_boxes,
          chequers_avenue
D:8:      layout_basic, pdpol_wu_jian_five_deadly_venoms,
          kb_lookout_dungeons_type
D:9:      layout_basic
D:10:     layout_basic, dpeg_oklobed_lair, orc_0_dummy, minivault_24
D:11:     layout_rooms
D:12:     layout_cave_pools, uniq_maurice, uniq_nergalle
D:13:     layout_big_octagon, david_vaults_2
D:14:     layout_long_grid, minmay_stone_trees_small,
          bh_hangedman_babel_library, uniq_jorgrun
D:15:     gammafunk_enter_depths_forms, layout_loops_cross, serial_rivers,
          chequers_serial_rivers_micro_c, chequers_serial_rivers_small_b,
          chequers_serial_rivers_micro_b, chequers_serial_rivers_marsh,
          chequers_serial_rivers_room_b, chequers_serial_rivers_small_b,
          enter_trove_3
Lair:1:   layout_long_grid, chequers_serial_rivers_micro_a,
          chequers_serial_rivers_micro_c, grunt_forest_small_clearings,
          serial_bayou_shore_b, lemuel_fruit_fields, uniq_gastronok
Lair:2:   layout_chaotic_city, nicolae_spider_entry_tight_spaces,
          gammafunk_ghost_hive, gammafunk_lair_bear_cave, uniq_erica
Lair:3:   layout_cellular_growth, minmay_swamp_entry_swarm, basic_altar,
          infiniplex_staircase_pool, grunt_megastairs_4
Lair:4:   layout_misc_corridors, special_room [special_room_bee]
Lair:5:   layout_roguey, minmay_slime_entry_pillars, serial_bayou_shore_a,
          serial_bayou_shore_b
Lair:6:   hellmonk_lair_end_abyssal_woods, layout_hall_layers, basic_altar,
          disabler_island
Swamp:1:  layout_basic_swamp, serial_swamp_ruin, hangedman_swamp_ruin_hall,
          hangedman_swamp_ruin_wall, swamp_pool5
Swamp:2:  layout_falls_marsh, evilmike_swamp_ruin_house_1
Swamp:3:  layout_basic_swamp, evilmike_swamp_ruin_house_3
Swamp:4:  swamp_pestilence, layout_basic_swamp
Spider:1: layout_spider_delve, nicolae_spider_some_kinda_spiderbox
Spider:2: layout_cave_pods, hellmonk_test_site, uniq_asterion
Spider:3: layout_cave_pods, hangedman_spider_tarantella_strand, uniq_agnes
Spider:4: spider_rune_water
Orc:1:    cheibrodos_orc_arena, layout_caves, serial_shops, shop, basic_altar,
          mines1_david
Orc:2:    grunt_orc_gardens, layout_caves, grunt_orc_garden, grunt_orc_garden,
          grunt_orc_garden, grunt_orc_garden, serial_shops,
          nicolae_shop_competitors_out_of_business, gammafunk_ghost_split
Elf:1:    eino_elf_arrival_altar, layout_geoelf_grid, minivault_28,
          fountainhead, dk_noncrumbling_4, uniq_roxanne
Elf:2:    nicolae_elf_blades_crystal_corner, layout_geoelf_octagon

Skill      XL: |  1  2  3  4  5  6  7  8  9 10 11 12 13 14 15 16 17 18 19 |
---------------+----------------------------------------------------------+-----
Summonings     | 5 6 7 8 9 10 12 14 16 19 21 23 25 27 | 27.0
Spellcasting   | 3 4 5 6 7 9 10 11 13 14 15 | 15.0
Air Magic      | 1 3 |  3.0
Fighting       | 4 6 8 10 11 13 14 | 14.0
Dodging        | 3 4 5 8 10 | 10.0
Armour         | 4 5 8 10 | 10.0
Shields        | 4 7 9 11 | 11.0
Polearms       | 1 5 7 9 |  9.2
Stealth        | |  1.7

Action                   |  1- 3 |  4- 6 |  7- 9 | 10-12 | 13-15 | 16-18 | 19-21 || total
-------------------------+-------+-------+-------+-------+-------+-------+-------++-------
Melee: Unarmed           |    34 |       |       |       |       |       |       ||    34
       Whip              |    48 |   173 |    31 |       |       |       |       ||   252
       Punch             |     1 |     1 |     1 |     2 |     4 |       |       ||     9
       Spear             |       |       |    50 |       |       |       |       ||    50
       Trident           |       |       |    45 |   191 |   380 |   361 |    80 ||  1057
Throw: Stone             |     4 |     1 |     1 |     1 |       |       |       ||     7
       Dart              |       |     3 |    26 |    33 |     9 |     2 |       ||    73
       Boomerang         |       |       |       |    12 |   170 |   133 |       ||   315
       Javelin           |       |       |       |     3 |    22 |       |     5 ||    30
 Cast: Summon Small Mamm |    22 |    23 |    14 |     1 |     4 |     1 |       ||    65
       Call Imp          |    11 |    15 |    15 |     5 |     3 |     1 |     1 ||    51
       Call Canine Famil |     3 |    19 |    30 |    16 |    27 |    21 |     1 ||   117
       Summon Guardian G |       |       |     5 |     3 |     3 |     2 |       ||    13
       Summon Lightning  |       |       |    12 |    19 |    54 |    18 |     2 ||   105
       Summon Cactus Gia |       |       |     3 |    26 |    67 |    44 |     5 ||   145
       Summon Hydra      |       |       |       |    26 |   129 |   153 |    38 ||   346
       Summon Horrible T |       |       |       |       |     8 |     7 |     1 ||    16
       Dragon's Call     |       |       |       |       |       |    15 |     2 ||    17
Invok: Potion Petition   |       |       |       |       |       |     1 |       ||     1
       Call Merchant     |       |       |       |       |       |       |     3 ||     3
 Abil: Hop               |       |       |       |       |     1 |     2 |       ||     3
Evoke: Wand              |       |       |     3 |     4 |     2 |    28 |       ||    37
       Phantom mirror    |       |       |       |       |     1 |     2 |       ||     3
       Tin of tremorston |       |       |       |       |       |     3 |       ||     3
  Use: Scroll            |     2 |     6 |     8 |     2 |     7 |    11 |       ||    36
       Potion            |       |       |       |       |       |     6 |       ||     6
 Stab: Sleeping          |     2 |     1 |     2 |       |     1 |     1 |       ||     7
       Distracted        |       |     3 |     6 |     2 |     6 |    10 |     3 ||    30
       Fleeing           |       |       |       |     1 |       |       |       ||     1
       Invisible         |       |       |       |       |       |     2 |       ||     2
Armor: Robe              |    20 |    17 |    33 |    31 |   105 |   174 |    21 ||   401
Dodge: Dodged            |    79 |    71 |   117 |   169 |   322 |   361 |    38 ||  1157
Block: Buckler           |       |       |       |       |    34 |    82 |       ||   116
       Kite shield       |       |       |       |       |       |   145 |    52 ||   197
